 Dungeon Crawl Stone Soup version 0.31-a0-595-g4209ae197b (webtiles) character file.

Game seed: 12889428064670662180

530 AdnanSaban the Covered (level 7, 0/43 HPs)
             Began as a Gargoyle Fighter on Aug 20, 2023.
             Was an Initiate of Okawaru.
             Slain by a river rat (7 damage)
             ... summoned by Eustachio
             ... on level 4 of the Dungeon.
             The game lasted 00:02:30 (2672 turns).

AdnanSaban the Covered (Gargoyle Fighter)           Turns: 2672, Time: 00:02:30

Health: 0/43       AC: 19    Str: 22    XL:     7   Next: 24%
Magic:  7/7        EV:  8    Int:  8    God:    Okawaru [......]
Gold:   174        SH:  4    Dex:  9    Spells: 6/6 levels left

rFire   . . .        a - +0 flail
rCold   . . .        c - +0 buckler
rNeg    + . .        k - +0 chain mail
rPois   ∞            (no helmet)
rElec   +            s - +0 cloak
rCorr   .            (no gloves)
SInv    .            i - +2 pair of boots
Will    .....        (no amulet) Stlth
                     (no ring)
HPRegen 0.27/turn    (no ring)
MPRegen 0.10/turn

%: no passive effects
@: no status effects
A: sickness immunity, AC +4, negative energy resistance 1, electricity
resistance, torment resistance 1, petrification resistance
a: Renounce Religion


You were on level 4 of the Dungeon.
You worshipped Okawaru.
Okawaru was noncommittal.
You visited 2 branches of the dungeon, and saw 5 of its levels.

You collected 174 gold pieces.

Inventory:

Hand Weapons
 a - a +0 flail (weapon)
Missiles
 h - 3 atropa-tipped darts
 n - 8 poisoned darts
 x - 3 boomerangs
Armour
 c - a +0 buckler (worn)
 i - a +2 pair of boots (worn)
 k - a +0 chain mail (worn)
 s - a +0 cloak (worn)
Jewellery
 e - a ring of ice
Scrolls
 b - 4 scrolls of poison {unknown}
 l - a scroll of teleportation {unknown}
 m - a scroll of blinking {unknown}
 p - 7 scrolls of identify {unknown}
 q - a scroll of immolation {unknown}
 r - a scroll of fear {unknown}
 t - a scroll of acquirement {unknown}
 v - a scroll of fog {unknown}
 y - a scroll of torment {unknown}
Potions
 d - 5 potions of might
 f - 2 potions of heal wounds {unknown}
 g - a potion of magic {unknown}
 j - 2 potions of curing {unknown}
 o - 2 potions of mutation {unknown}
 u - a potion of resistance {unknown}
 w - a potion of degeneration {unknown}


   Skills:
 + Level 4.3 Fighting
 + Level 4.9 Maces & Flails
 + Level 5.4 Armour
 + Level 1.4 Dodging
 + Level 0.1 Stealth
 + Level 4.4 Shields


You had 6 spell levels left.
You didn't know any spells.
Your spell library contained the following spells:

 Spells                   Type           Power      Damage    Failure   Level
 Blink                    Tloc           0%         N/A       99%         2
 Lesser Beckoning         Tloc           0%         N/A       99%         2
 Momentum Strike          Conj/Tloc      0%         3d8       99%         2
 Ignite Poison            Fire/Tmut/Pois 0%         N/A       100%        3
 Freezing Cloud           Conj/Ice/Air   0%         6-21      100%        5
 Cigotuvi's Dreadful Rot  Necr/Pois/Air  Unusable   N/A       N/A         2

Dungeon Overview and Level Annotations

Branches:
Dungeon (4/15)             Temple (1/1) D:4

Altars:
Ashenzari
Cheibriados
Elyvilon
Fedhas
Gozag
Hepliaklqana
Kikubaaqudgha
Makhleb
Nemelex Xobeh
Okawaru
Ru
Sif Muna
Trog
Uskayaw
Wu Jian
Yredelemnul
Zin
The Shining One

Shops:
D:4 *

Annotations:
D:4 Eustachio


Innate Abilities, Weirdness & Mutations

You are immune to sickness and miasma.
Your stone body is resilient. (AC +4)
You are immune to poison.
You resist negative energy. (rN+)
You are resistant to electric shocks. (rElec)
You are resistant to unholy torment.
You are immune to petrification.


Message History

You block the bat's attack. The kobold barely misses you.
The river rat bites you but does no damage.
You thump the kobold!
You kill the kobold!
Okawaru accepts your kill. The bat barely misses you.
Eustachio gestures wildly while chanting.
Eustachio blinks!
The bat barely misses you.
The river rat bites you but does no damage.
You hit the hobgoblin but do no damage. You block the bat's attack.
The hobgoblin hits you but does no damage.
The river rat bites you but does no damage.
You closely miss the hobgoblin.
Eustachio utters an oath, "I will die for my friends!"
The hobgoblin hits you but does no damage.
You block the river rat's attack.
Eustachio mumbles some strange words.
Eustachio blinks!
You barely miss the hobgoblin. You block the bat's attack.
The hobgoblin hits you with a +0 club. The river rat bites you.
* * * LOW HITPOINT WARNING * * *
The bat hits you but does no damage. The hobgoblin closely misses you.
You barely miss the hobgoblin. The bat hits you but does no damage.
The river rat twitches its whiskers.
The river rat bites you but does no damage.
Eustachio casts a spell.
Eustachio blinks!
The hobgoblin hits you but does no damage.
You block the river rat's attack.
You hit the hobgoblin but do no damage. The bat hits you but does no damage.
The hobgoblin hits you with a +0 club.
* * * LOW HITPOINT WARNING * * *
The river rat bites you.
* * * LOW HITPOINT WARNING * * *
You sock the hobgoblin!
You kill the hobgoblin!
Okawaru accepts your kill. You block the bat's attack.
The bat hits you but does no damage. The river rat bites you!
You die...

###### #....####
#### #........ #..##
####br...:@.
#...######..K@#
##...#......###
##....##.......K..
####†..........####
#...........####
####†........~~~~≈~~
#####
#.........#~~~~~
~~#.. ###
###............~~
#....##..
#...........#.....
..#......


You could see Eustachio, a river rat (summoned), a bat (summoned) and a kobold.

Vanquished Creatures
  2 black bears
  3 scorpions
  An iguana (D:3)
  3 adders
  3 gnolls (D:3)
  2 worms
  A dart slug (D:2)
  4 orcs
  7 bats
  6 endoplasms
  7 giant cockroaches
  8 goblins
  4 hobgoblins
  13 jackals
  10 kobolds
  3 quokkas
  9 ball pythons
  2 frilled lizards (D:1)
  4 rats
92 creatures vanquished.

Notes
Turn   | Place    | Note
-------+----------+-------------------------------------------
     0 | D:1      | AdnanSaban the Gargoyle Fighter began the quest for the
                  | Orb.
     0 | D:1      | Reached XP level 1. HP: 14/14 MP: 1/1
    58 | D:1      | Found a faded altar of an unknown god.
   103 | D:1      | Reached XP level 2. HP: 4/19 MP: 2/2
   472 | D:1      | Reached XP level 3. HP: 20/23 MP: 3/3
  1249 | D:2      | Reached skill level 4 in Armour
  1306 | D:2      | Reached XP level 4. HP: 29/29 MP: 4/4
  1369 | D:2      | Noticed a black bear
  1381 | D:2      | Killed a black bear
  1382 | D:2      | Reached XP level 5. HP: 33/33 MP: 5/5
  1721 | D:3      | Reached XP level 6. HP: 29/38 MP: 6/6
  1807 | D:3      | Found a bloodstained altar of Trog.
  1850 | D:3      | Reached skill level 1 in Dodging
  2340 | D:4      | Found a staircase to the Ecumenical Temple.
  2356 | Temple   | Entered the Ecumenical Temple
  2362 | Temple   | Became a worshipper of Warmaster Okawaru
  2405 | D:4      | Noticed a black bear
  2412 | D:4      | Killed a black bear
  2413 | D:4      | Reached skill level 5 in Armour
  2413 | D:4      | Reached XP level 7. HP: 43/43 MP: 7/7
  2456 | D:4      | Found Zin's Purification Station.
  2460 | D:4      | Found a glowing silver altar of Zin.
  2634 | D:4      | Noticed Eustachio
  2672 | D:4      | Slain by a river rat

Illustrated notes

Levels and vault maps discovered:
D:1:      wander_arrival_peaceful_grave, layout_basic, basic_ecumenical_altar
D:2:      layout_loops_corners, kennysheep_generic_room_2
D:3:      layout_rooms, trog_book, minmay_misc_feat_diagonals,
          serial_bayou_pond_a
D:4:      cheibrodos_thug_alley, layout_rooms, zin_purify,
          minmay_temple_entry_statues_pillars, uniq_eustachio
Temple:   eino_temple_rhombus

Skill      XL: |  1  2  3  4  5  6 |
---------------+-------------------+-----
Armour         | 4 5 |  5.4
Fighting       | 4 |  4.3
Maces & Flails | 3 4 |  4.9
Shields        | 4 |  4.4
Dodging        | 1 |  1.4
Stealth        | |  0.1

Action                     |  1- 3 |  4- 6 |  7- 9 || total
---------------------------+-------+-------+-------++-------
  Melee: Flail             |   195 |   156 |    45 ||   396
 Armour: Scale mail        |    64 |       |       ||    64
         Chain mail        |    78 |   128 |    56 ||   262
  Dodge: Dodged            |   104 |    86 |    33 ||   223
  Block: Buckler           |    41 |    38 |    26 ||   105

Table legend: (Time is in decaauts)
 A = Elapsed time spent in this place.
 B = Non-inter-level travel time spent in this place.
 C = Inter-level travel time spent in this place.
 D = Time resting spent in this place.
 E = Time spent auto-exploring this place.
 F = Levels seen in this place.
 G = Mean time per level.
                   A        B        C        D        E       F      G
               +--------+--------+--------+--------+--------+-----+--------+
         Total |   2781 |   2742 |     39 |      0 |   1958 |   5 |  556.2 |
       Dungeon |   2768 |   2734 |     34 |      0 |   1958 |   4 |  692.0 |
        Temple |     12 |      7 |      5 |      0 |      0 |   1 |   12.0 |
               +--------+--------+--------+--------+--------+-----+--------+

Top non-repeatable levels by time:
     D:1: 903 daAuts
     D:2: 884 daAuts
     D:3: 636 daAuts
     D:4: 344 daAuts
  Temple: 12 daAuts
